 Dungeon Crawl Stone Soup version 0.31-a0-1178-gc5c9b8f871 (webtiles) character file.

Game seed: 827173192114242680

1330 LeprechaunX the Changeling (level 8, -5/72 HPs)
             Began as an Octopode Shapeshifter on Dec 11, 2023.
             Was a Follower of Hepliaklqana.
             Slain by a gnoll
             ... wielding a +2 flail of protection
             ... led by a gnoll bouda
              (6 damage)
             ... on level 6 of the Dungeon.
             The game lasted 00:05:49 (4730 turns).

LeprechaunX the Changeling (Octopode Shapeshifter)  Turns: 4730, Time: 00:05:49

Health: -5/72      AC: 24    Str: 13    XL:     8   Next: 60%
Magic:  17/17      EV:  2    Int: 12    God:    Hepliaklqana [*.....]
Gold:   451        SH:  0    Dex: 14    Spells: 7/7 levels left

rFire   . .          .
                       - Unarmed
rCold   + . .        (no shield)
rNeg    + . .        (helmet currently unavailable)
rPois   +            (no amulet)
rElec   .            p - ring of protection from cold
rCorr   .            q - ring of positive energy
SInv    .            x - ring of magical power
Will    .....        A - +5 ring of evasion
Stlth   +            (no ring)
HPRegen 0.32/turn    (no ring)
MPRegen 0.15/turn    (no ring)
                     (no ring)

%: no passive effects
@: lethally poisoned (-5 -> -7), tree-form, slowed, very slow
A: stationary, stasis, torment immunity, boosted hp, reduced essence, almost no
armour, (amphibious), 8 rings, (camouflage 1), (gelatinous body 1), (nimble
swimmer 1), (tentacles)
a: Renounce Religion, Recall Ancestor, Ancestor Identity


You were on level 6 of the Dungeon.
You worshipped Hepliaklqana.
Hepliaklqana was aware of your devotion.
You were a tree.
You visited 2 branches of the dungeon, and saw 7 of its levels.

You collected 451 gold pieces.

Inventory:

Hand Weapons
 y - a +0 orcbow
Missiles
 m - 9 boomerangs (quivered)
Jewellery
 p - a ring of protection from cold (left branch)
 q - a ring of positive energy (right branch)
 x - a ring of magical power (on tentacle)
 A - a +5 ring of evasion (on tentacle)
Talismans
 b - a beast talisman
 c - a flux talisman
Scrolls
 d - a scroll of blinking {unknown}
 e - 3 scrolls of teleportation {unknown}
 f - 2 scrolls of poison {unknown}
 g - 2 scrolls of enchant armour {unknown}
 h - 2 scrolls of immolation {unknown}
 j - 2 scrolls of noise {unknown}
 k - 7 scrolls of identify {unknown}
 n - a scroll of vulnerability {unknown}
 o - a scroll of acquirement {unknown}
 t - a scroll of torment {unknown}
 u - a scroll of fear {unknown}
 v - a scroll of enchant weapon {unknown}
Potions
 i - 2 potions of haste {unknown}
 l - a potion of curing {unknown}
 r - a potion of invisibility {unknown}
 s - 2 potions of attraction {unknown}
 w - a potion of ambrosia {unknown}
 z - a potion of heal wounds {unknown}


   Skills:
 + Level 4.6 Fighting
 - Level 3.0 Throwing
 + Level 2.4 Dodging
 + Level 5.5 Unarmed Combat
 + Level 1.1 Invocations
 * Level 6.8 Shapeshifting


You had 7 spell levels left.
You didn't know any spells.
Your spell library contained the following spells:

 Spells                   Type           Power      Damage    Failure   Level
 Magic Dart               Conj           0%         1d3       32%         1
 Sting                    Tmut/Pois      0%         1d3       32%         1
 Call Imp                 Summ           0%         N/A       45%         2
 Poisonous Vapours        Pois/Air       0%         N/A       45%         2
 Gell's Gravitas          Tloc           0%         N/A       69%         3
 Mephitic Cloud           Conj/Pois/Air  0%         N/A       69%         3
 Teleport Other           Tloc           0%         N/A       69%         3
 Olgreb's Toxic Radiance  Pois           0%         N/A       97%         4
 Dispersal                Tloc           0%         N/A       100%        6


Dungeon Overview and Level Annotations

Branches:
Dungeon (6/15)             Temple (1/1) D:4

Altars:
Cheibriados
Dithmenos
Fedhas
Hepliaklqana
Kikubaaqudgha
Nemelex Xobeh
Okawaru
Qazlal
Ru
Sif Muna
Trog
Uskayaw
Wu Jian
Yredelemnul
Zin
The Shining One

Shops:
D:4 :


Innate Abilities, Weirdness & Mutations

You are a tree.
Your roots penetrate the ground, keeping you stationary.
You cannot be teleported.
You are immune to unholy pain and torment.
Your maximum health is greatly increased.
Your life essence is reduced to manifest your ancestor. (-10% HP)
You cannot wear most types of armour.
((You are amphibious.))
You can wear up to eight rings at the same time.
((Your skin changes colour to match your surroundings (Stealth+).))
((Your rubbery body absorbs attacks. (AC +1, EV +1)))
((You are camouflaged when in or above water. (Stealth+)))
((You have tentacles for arms and can constrict up to eight enemies at once.))


Message History

The gnoll shoots a sling bullet.
The sling bullet closely misses you. The ufetubus hits you.
The ufetubus barely misses you.
You completely miss the ufetubus. Your grab misses the ufetubus.
You feel very sick. The ufetubus hits you.
* * * LOW HITPOINT WARNING * * *
The ufetubus hits you.
* * * LOW HITPOINT WARNING * * *
The gnoll shoots a sling bullet.
The sling bullet closely misses you.
Manar hits the ufetubus but does no damage.
The ufetubus hits you.
* * * LOW HITPOINT WARNING * * *
The ufetubus misses you.
Your transformation has ended.
You turn into a tree.
Your roots penetrate the ground.
You feel very sick. The gnoll hits you but does no damage.
The ufetubus hits you but does no damage. x2
Manar hits the ufetubus.
The gnoll hits you with a +2 flail of protection.
* * * LOW HITPOINT WARNING * * *
The ufetubus hits you but does no damage. x2
The gnoll unwields a +0 sling.
The gnoll wields a +0 spear.
The gnoll hits you but does no damage.
Manar completely misses the ufetubus.
You smack the ufetubus!
You kill the ufetubus!
You feel very sick.
The gnoll hits you but does no damage. x2
You smack the gnoll!
The gnoll is severely wounded.
You feel sick.
The gnoll hits you with a +2 flail of protection.
* * * LOW HITPOINT WARNING * * *
The gnoll hits you but does no damage. x2
You hit the gnoll.
The gnoll is severely wounded.
* * * LOW HITPOINT WARNING * * *
You feel sick. The gnoll hits you but does no damage.
The gnoll hits you with a +2 flail of protection.
You die...

### #.. .#
####.########.#
#....g.R...##.#
....#..g####R##.#
##...#.#.###♣##.#
#..5......gg##.#######
#..g#.#....g..........#
...g#...#.#.........##.#
..#5.
#.##.##.##.###.##.# > .g
............##.##.# ..
#.#####.##..##.##.#
#...###...##.#
....#...#.....###


You could see the friendly Manar the ancestor and 3 gnolls.

Vanquished Creatures
  Sigmund (D:4)
  A water moccasin (D:6)
  2 ice beasts (D:5)
  A black bear (D:5)
  A centaur (D:5)
  3 phantoms
  2 scorpions
  A bullfrog (D:6)
  A gnoll bouda (D:6)
  An orc wizard (D:5)
  Robin (D:4)
  A gnoll (D:6)
  5 adders
  A shadow imp (D:6)
  2 ufetubi (D:6)
  A worm (D:5)
  2 dart slugs
  7 orcs
  7 endoplasms
  4 giant cockroaches
  8 hobgoblins
  3 quokkas
  5 ball pythons
  7 bats
  2 frilled lizards (D:1)
  21 goblins
  7 kobolds
  4 rats
102 creatures vanquished.

Vanquished Creatures (collateral kills)
  An ice beast (D:6)
  2 ufetubi (D:6)
3 creatures vanquished.

Grand Total: 105 creatures vanquished

Notes
Turn   | Place    | Note
-------+----------+-------------------------------------------
     0 | D:1      | LeprechaunX the Octopode Shapeshifter began the quest for
                  | the Orb.
     0 | D:1      | Reached XP level 1. HP: 13/13 MP: 1/1
    43 | D:1      | Reached XP level 2. HP: 10/18 MP: 2/2
  1153 | D:2      | Found a bloodstained altar of Trog.
  1166 | D:2      | Reached XP level 3. HP: 21/23 MP: 3/3
  2190 | D:3      | Reached XP level 4. HP: 29/29 MP: 4/4
  2693 | D:3      | Found a faded altar of an unknown god.
  2750 | D:4      | Found a staircase to the Ecumenical Temple.
  2754 | D:4      | Found Luideil's Self-Published Books.
  2761 | D:4      | Reached skill level 4 in Shapeshifting
  2771 | Temple   | Entered the Ecumenical Temple
  2796 | Temple   | Became a worshipper of Hepliaklqana the Forgotten
  2977 | D:4      | Found a snail-covered altar of Cheibriados.
  2997 | D:4      | Noticed a scorpion
  3003 | D:4      | Killed a scorpion
  3004 | D:4      | Reached skill level 1 in Throwing
  3004 | D:4      | Reached XP level 5. HP: 35/35 MP: 5/5
  3064 | D:4      | Found an iron altar of Okawaru.
  3178 | D:4      | Noticed Robin
  3190 | D:4      | Killed Robin
  3300 | D:4      | Noticed Sigmund
  3309 | D:4      | Killed Sigmund
  3310 | D:4      | Reached XP level 6. HP: 27/41 MP: 6/6
  3467 | D:5      | Entered Level 5 of the Dungeon
  3604 | D:5      | Reached skill level 5 in Shapeshifting
  3642 | D:5      | Noticed an ice beast
  3657 | D:5      | Killed an ice beast
  3658 | D:5      | Reached XP level 7. HP: 18/46 MP: 7/7
  4122 | D:5      | Reached * piety under Hepliaklqana
  4167 | D:5      | Reached skill level 5 in Unarmed Combat
  4167 | D:5      | Reached skill level 6 in Shapeshifting
  4167 | D:5      | Reached XP level 8. HP: 48/48 MP: 8/8
  4405 | D:5      | Found a hide-covered altar of Uskayaw.
  4721 | D:6      | Reached skill level 1 in Invocations
  4729 | D:6      | HP: 2/72 [gnoll/+2 flail of protection[a gnoll bouda] (4)]
  4730 | D:6      | Slain by a gnoll

Illustrated notes

Levels and vault maps discovered:
D:1:      spicycebolla_arrival_risky_transporter, layout_basic
D:2:      layout_basic, basic_altar
D:3:      cheibrodos_greedy_goblins, layout_basic, ebering_ecumenical_altar_hall
D:4:      layout_rooms, nicolae_overflow_hidden_temple,
          minmay_temple_entry_statues_pillars, nicolae_custom_books, uniq_robin,
          uniq_sigmund
D:5:      layout_cave_pools, nicolae_uskayaw_dance_hall,
          minmay_misc_feat_enclosed
D:6:      layout_loops_ring, serial_glass, glass_columns_a, glass_columns_a,
          minmay_gold_behind_fungi, nicolae_titane
Temple:   cyrus_circular_temple

Skill      XL: |  1  2  3  4  5  6  7  8 |
---------------+-------------------------+-----
Fighting       | 2 3 4 |  4.6
Shapeshifting  | 4 5 6 |  6.8
Throwing       | 1 2 3 |  3.0
Unarmed Combat | 4 5 |  5.5
Invocations    | 1 |  1.1
Dodging        | |  2.4

Action                     |  1- 3 |  4- 6 |  7- 9 || total
---------------------------+-------+-------+-------++-------
  Melee: Unarmed           |    77 |    87 |    64 ||   228
         Constrict         |    18 |    24 |     9 ||    51
         Tentacles         |    14 |    23 |    16 ||    53
         Punch             |     5 |     4 |     4 ||    13
  Throw: Boomerang         |       |     6 |    15 ||    21
    Use: Potion            |       |       |     1 ||     1
   Stab: Sleeping          |    10 |     3 |     2 ||    15
         Distracted        |       |     1 |       ||     1
 Armour: Skin              |    23 |    36 |    42 ||   101
  Dodge: Dodged            |    41 |    26 |    41 ||   108

Table legend: (Time is in decaauts)
 A = Elapsed time spent in this place.
 B = Non-inter-level travel time spent in this place.
 C = Inter-level travel time spent in this place.
 D = Time resting spent in this place.
 E = Time spent auto-exploring this place.
 F = Levels seen in this place.
 G = Mean time per level.
                   A        B        C        D        E       F      G
               +--------+--------+--------+--------+--------+-----+--------+
         Total |   4716 |   4555 |    161 |    326 |   3564 |   7 |  673.7 |
       Dungeon |   4677 |   4528 |    149 |    326 |   3564 |   6 |  779.5 |
        Temple |     38 |     26 |     12 |      0 |      0 |   1 |   38.0 |
               +--------+--------+--------+--------+--------+-----+--------+

Top non-repeatable levels by time:
     D:1: 1051 daAuts
     D:2: 959 daAuts
     D:4: 896 daAuts
     D:5: 759 daAuts
     D:3: 707 daAuts
     D:6: 302 daAuts
  Temple: 38 daAuts
